 Dungeon Crawl Stone Soup version 0.30-a0-883-g5ad918d77d (webtiles) character file.

Game seed: 14861812235499201066

3303 sircluck the Basher (level 9, -15/75 HPs)
             Began as a Minotaur Gladiator on Mar 15, 2023.
             Was a Follower of Wu Jian.
             Demolished by an ogre
             ... wielding a +0 giant club
              (23 damage)
             ... on level 7 of the Dungeon.
             The game lasted 00:25:38 (7690 turns).

sircluck the Basher (Minotaur Gladiator)            Turns: 7690, Time: 00:25:48

Health: -15/75     AC: 13    Str: 22    XL:     9   Next: 70%
Magic:  17/17      EV:  9    Int:  7    God:    Wu Jian [*.....]
Gold:   333        SH: 16    Dex: 17    Spells: 8/8 levels left

rFire   . . .      SeeInvis +    A - +9 hammer of Distant Worlds {holy, rCorr MP+9}
rCold   . . .      Faith    .    C - +1 tower shield of Xoucec {*Corrode rElec Dex+4}
rNeg    . . .      Spirit   .    t - +3 scale mail of Hadjma {Will+ rCorr Int+2}
rPois   .          Reflect  .    c - +0 hat
rElec   +          Rampage  .    y - +1 cloak
rCorr   +                        (no gloves)
Will    ++...                    (no boots)
Stlth   +                        (no amulet)
HPRegen 0.32/turn                v - ring of see invisible
MPRegen 0.15/turn                p - ring of willpower

@: no status effects
A: horns 2, retaliatory headbutt
a: Renounce Religion


You were on level 7 of the Dungeon.
You worshipped Wu Jian.
Wu Jian was aware of your devotion.
You visited 1 branch of the dungeon, and saw 7 of its levels.
You also visited: Sewer.

You collected 333 gold pieces.

Inventory:

Hand Weapons
 a - a +0 long sword
 r - a +1 dagger of speed
 x - a +2 quarterstaff of chaos
 z - a +2 hammer of protection
 A - the +9 hammer of Distant Worlds (weapon) {holy, rCorr MP+9}
   (You found it on level 2 of the Dungeon)

   MP:        It affects your magic capacity (+9).
   rCorr:     It protects you from acid and corrosion.
 F - a +0 dagger of venom
Missiles
 d - 3 throwing nets (quivered)
 e - a javelin
 f - 64 stones
 H - a curare-tipped dart
 I - 6 poisoned darts
Armour
 b - a +0 leather armour
 c - a +0 hat (worn)
 i - a +0 ring mail
 l - a +1 helmet of see invisible
 t - the +3 scale mail of Hadjma (worn) {Will+ rCorr Int+2}
   (You found it on level 2 of the Dungeon)

   Int:       It affects your intelligence (+2).
   rCorr:     It protects you from acid and corrosion.
   Will:      It increases your willpower.
 u - the +1 chain mail of Hedging {rCorr}
   (You found it on level 2 of the Dungeon)

   rCorr:     It protects you from acid and corrosion.
 y - a +1 cloak (worn)
 C - the +1 tower shield of Xoucec (worn) {*Corrode rElec Dex+4}
   (You found it on level 3 of the Dungeon)

   Dex:       It affects your dexterity (+4).
   rElec:     It insulates you from electricity.
   *Corrode:  It may corrode you when you take damage.
Magical Staves
 g - a staff of air
Jewellery
 h - a ring of flight
 p - a ring of willpower (right hand)
 v - a ring of see invisible (left hand)
 G - an amulet of the acrobat
Wands
 w - a wand of roots (6)
 P - a wand of paralysis (7)
 R - a wand of digging (5)
Scrolls
 j - a scroll of poison {unknown}
 k - 3 scrolls of blinking
 n - 7 scrolls of identify
 E - 2 scrolls of magic mapping {unknown}
 J - 2 scrolls of torment {unknown}
 L - a scroll of teleportation {unknown}
 M - a scroll of enchant armour {unknown}
 O - a scroll of silence {unknown}
 Q - a scroll of noise {unknown}
 T - a scroll of immolation
Potions
 m - 4 potions of attraction {unknown}
 o - 3 potions of flight
 q - 3 potions of degeneration {unknown}
 s - 3 potions of heal wounds
 B - a potion of resistance
 D - 3 potions of magic {unknown}
 K - 2 potions of curing
 N - 2 potions of brilliance
 S - 2 potions of ambrosia {unknown}


   Skills:
 + Level 5.8 Fighting
 + Level 5.7 Long Blades
 * Level 10.2 Maces & Flails
 + Level 2.1 Throwing
 + Level 6.5 Armour
 + Level 5.9 Dodging
 + Level 1.4 Stealth
 + Level 5.8 Shields


You had 8 spell levels left.
You didn't know any spells.
Your spell library contained the following spells:

 Spells                   Type           Power      Damage    Failure   Level
 Ensorcelled Hibernation  Hex/Ice        0%         N/A       100%        2
 Passwall                 Tmut/Erth      0%         N/A       100%        2
 Spider Form              Tmut/Pois      0%         N/A       100%        3
 Swiftness                Air            0%         N/A       100%        3
 Anguish                  Hex/Necr       0%         N/A       100%        4


Dungeon Overview and Level Annotations

Branches:
Dungeon (7/15)             Temple (0/1) D:4           Sewer (visited)

Altars:
Dithmenos
Hepliaklqana
Okawaru
Trog
Wu Jian
Xom
The Shining One

Shops:
D:7 *

Annotations:
D:7 1 transporter, ytrimaz's ghost, novice OgBe


Innate Abilities, Weirdness & Mutations

You have a pair of horns on your head.
You reflexively headbutt those who attack you in melee.


Message History

Things that are here:
a +0 long sword; a +0 plate armour; an orc corpse You see here a +0 giant club.
The moth of wrath goads the kobold on!
The kobold goes berserk!
The kobold rages.
The moth of wrath goads the ogre on!
The ogre goes berserk!
You barely miss the kobold. You block the kobold's attack.
The ogre hits you with a +0 giant club!
You closely miss the moth of wrath. You block the ogre's attack.
The moth of wrath barely misses you.
You sock the moth of wrath! You headbutt the moth of wrath!
The moth of wrath is heavily wounded.
You block the ogre's attack. You block the moth of wrath's attack.
The kobold rages.
You sock the moth of wrath!
The moth of wrath is heavily wounded.
You block the moth of wrath's attack. You block the ogre's attack.
The moth of wrath closely misses you.
You barely miss the moth of wrath.
The moth of wrath is heavily wounded.
You block the ogre's attack. You block the moth of wrath's attack.
You block the ogre's attack. The moth of wrath bites you!
You thump the moth of wrath!
The moth of wrath is severely wounded.
You block the ogre's attack. You block the moth of wrath's attack.
You hit the moth of wrath. Your headbutt misses the moth of wrath.
The moth of wrath is almost dead.
The ogre hits you with a +0 giant club! You block the moth of wrath's attack.
You feel much better. You block the moth of wrath's attack.
The ogre closely misses you. The moth of wrath bites you!
You closely miss the moth of wrath. You headbutt the moth of wrath.
The moth of wrath is almost dead.
You block the ogre's attack. The moth of wrath closely misses you.
You sock the moth of wrath!
You kill the moth of wrath!
The Council accepts your kill.
The ogre hits you with a +0 giant club!!
* * * LOW HITPOINT WARNING * * *
The ogre hits you with a +0 giant club!!
You die...

....#.........#####.....#
....#.......###.©.###...#
....#......###......##..##
....##'#...#..###....#...#
..........##..#≈#....##..#
..........#).##.?.....#..#
..........#.)..._.##..#..#
..........#..##.=.≈#..#..#
..........####≈#@###.##..#
)..........# ###WO.###...#
.)......#..###..K...##..##
).......#...###.©.###...#
........##....#####.....#
####............©.......#
...#........#...........#
...#........#...........#
...#........#...........#


You could see an ogre (berserk), ytrimaz's ghost and a kobold (berserk).

Vanquished Creatures
  A moth of wrath (D:7)
  Grinder (D:3)
  Eustachio (D:6)
  Edmund (D:4)
  A sky beast (D:6)
  An orc warrior (D:7)
  5 ogres
  2 black bears
  2 centaurs (D:6)
  2 kobold brigands (Sewer)
  5 bullfrogs
  6 scorpions
  3 wights (D:6)
  4 crimson imps (D:4)
  3 hounds
  A jelly (D:4)
  A gnoll bouda (D:6)
  An orc priest (D:5)
  Crazy Yiuf (D:2)
  6 iguanas
  2 sleepcaps
  5 orc wizards
  7 gnolls
  5 adders
  A river rat (Sewer)
  A shadow imp (D:6)
  An ufetubus (D:7)
  2 worms (D:2)
  9 orcs
  16 endoplasms
  8 giant cockroaches
  4 hobgoblins
  10 jackals
  8 quokkas
  5 ball pythons
  2 bats
  4 frilled lizards
  9 goblins
  6 kobolds
  6 rats
159 creatures vanquished.

Notes
Turn   | Place    | Note
-------+----------+-------------------------------------------
     0 | D:1      | sircluck the Minotaur Gladiator began the quest for the
                  | Orb.
     0 | D:1      | Reached XP level 1. HP: 18/18 MP: 0/0
   170 | D:1      | Reached XP level 2. HP: 19/25 MP: 1/1
   639 | D:1      | Reached XP level 3. HP: 30/30 MP: 2/2
   777 | D:1      | Reached skill level 1 in Armour
  1500 | D:2      | Identified the +3 scale mail of Hadjma {Will+ rCorr Int+2}
  1627 | D:2      | Identified the +1 chain mail of Hedging {rCorr}
  1710 | D:2      | Reached XP level 4. HP: 36/38 MP: 3/3
  2066 | D:2      | Found a runed translucent door.
  2067 | D:2      | Identified the +9 hammer of Distant Worlds {holy, rCorr
                  | MP+9}
  2067 | D:2      | Noticed Crazy Yiuf
  2299 | D:2      | Killed Crazy Yiuf
  2683 | D:3      | Identified the +1 tower shield of Xoucec {*Corrode rElec
                  | Dex+4}
  2714 | D:3      | Found a faded altar of an unknown god.
  2936 | D:3      | Noticed Grinder
  2951 | D:3      | Killed Grinder
  2952 | D:3      | Reached skill level 5 in Long Blades
  2952 | D:3      | Reached skill level 2 in Maces & Flails
  2952 | D:3      | Reached skill level 1 in Stealth
  2952 | D:3      | Reached XP level 5. HP: 14/45 MP: 4/4
  2952 | D:3      | Reached XP level 6. HP: 16/51 MP: 5/5
  3430 | D:4      | Found a staircase to the Ecumenical Temple.
  3593 | D:4      | Noticed Edmund
  3608 | D:4      | Killed Edmund
  3609 | D:4      | Reached skill level 3 in Maces & Flails
  3609 | D:4      | Reached XP level 7. HP: 56/58 MP: 6/6
  3665 | D:4      | Found a hazy altar of Hepliaklqana.
  3798 | D:4      | Found a glowing drain.
  3814 | Sewer    | Entered a sewer
  3821 | Sewer    | Reached skill level 4 in Maces & Flails
  3971 | Sewer    | Reached skill level 1 in Shields
  4099 | Sewer    | Found a glowing silver altar of Zin.
  4176 | D:4      | You fall into a shaft and drop 3 floors!
  4187 | D:7      | Found Urakhyli's Assorted Antiques.
  4202 | D:7      | Reached skill level 5 in Maces & Flails
  4202 | D:7      | Reached skill level 5 in Dodging
  4337 | D:5      | Entered Level 5 of the Dungeon
  4375 | D:5      | Reached skill level 6 in Maces & Flails
  4375 | D:5      | Reached XP level 8. HP: 62/67 MP: 7/7
  4580 | D:5      | Reached skill level 7 in Maces & Flails
  4636 | D:5      | Reached skill level 5 in Armour
  4943 | D:4      | Found a shimmering altar of Xom.
  4997 | D:4      | Reached skill level 5 in Fighting
  5097 | D:4      | Found a glowing golden altar of the Shining One.
  5249 | D:4      | Found an ornate altar of the Wu Jian Council.
  5260 | D:4      | Became a worshipper of the Wu Jian Council
  5308 | D:5      | Reached skill level 8 in Maces & Flails
  5596 | D:6      | Reached XP level 9. HP: 74/74 MP: 8/8
  5759 | D:6      | Reached skill level 5 in Shields
  5965 | D:6      | Reached skill level 9 in Maces & Flails
  6093 | D:6      | Noticed Eustachio
  6104 | D:6      | Killed Eustachio
  6753 | D:7      | Found an iron altar of Okawaru.
  6830 | D:7      | Found a shadowy altar of Dithmenos.
  7027 | D:7      | Found a transporter.
  7033 | D:7      | Noticed a moth of wrath
  7034 | D:7      | Found a bloodstained altar of Trog.
  7034 | D:7      | Noticed ytrimaz's ghost (novice OgBe)
  7084 | D:7      | Found a transporter.
  7119 | D:7      | Reached * piety under Wu Jian
  7275 | D:7      | Reached skill level 10 in Maces & Flails
  7690 | D:7      | Killed a moth of wrath
  7690 | D:7      | Demolished by an ogre

Illustrated notes

Levels and vault maps discovered:
D:1:      minmay_arrival_five_plusses, layout_basic
D:2:      minmay_skewed_foursquare, layout_basic, uniq_crazy_yiuf_cottage
D:3:      layout_loops_ring, hellmonk_ecumenical_altar_dog_temple, uniq_grinder
D:4:      layout_loops_cross, nicolae_overflow_hidden_temple, led_xom_imps,
          nicolae_hepliaklqana_hippocampus, minmay_temple_entry_statues,
          portal_sewer_entry_f, kennysheep_generic_room_4, uniq_edmund
D:5:      layout_rooms
D:6:      layout_layer_cave, nicolae_sextant, uniq_eustachio
D:7:      layout_gridville, okawaru_gym_becter, lemuel_round_altar,
          gammafunk_ghost_wrathful_warriors, serial_shops, shop

Skill      XL: |  1  2  3  4  5  6  7  8  9 |
---------------+----------------------------+-----
Long Blades    | 4 5 |  5.7
Dodging        | 4 5 |  5.9
Armour         | 1 3 4 5 6 |  6.5
Fighting       | 3 4 5 |  5.8
Maces & Flails | 2 3 6 8 10 | 10.2
Stealth        | 1 |  1.4
Shields        | 1 4 5 |  5.8
Throwing       | |  2.1

Action                     |  1- 3 |  4- 6 |  7- 9 || total
---------------------------+-------+-------+-------++-------
  Melee: Long sword        |    98 |    10 |       ||   108
         Headbutt          |    13 |     6 |    39 ||    58
         Punch             |     1 |       |       ||     1
         Mace              |       |    36 |   228 ||   264
  Throw: Throwing net      |       |     1 |     1 ||     2
Ability: Lunge             |       |       |    11 ||    11
         Whirlwind         |       |       |     2 ||     2
    Use: Potion            |       |     4 |     1 ||     5
         Scroll            |       |     3 |       ||     3
   Stab: Held in net/web   |       |       |     1 ||     1
 Armour: Leather armour    |    36 |       |       ||    36
         Scale mail        |       |    12 |    82 ||    94
  Dodge: Dodged            |    81 |    19 |    71 ||   171
  Block: Tower shield      |       |     8 |   195 ||   203

Table legend: (Time is in decaauts)
 A = Elapsed time spent in this place.
 B = Non-inter-level travel time spent in this place.
 C = Inter-level travel time spent in this place.
 D = Time resting spent in this place.
 E = Time spent auto-exploring this place.
 F = Levels seen in this place.
 G = Mean time per level.
                   A        B        C        D        E       F      G
               +--------+--------+--------+--------+--------+-----+--------+
         Total |   7915 |   7613 |    302 |    177 |   4881 |   8 |  989.4 |
       Dungeon |   7498 |   7196 |    302 |    177 |   4720 |   7 | 1071.1 |
         Sewer |    417 |    417 |      0 |      0 |    161 |   1 |  417.0 |
               +--------+--------+--------+--------+--------+-----+--------+

Top non-repeatable levels by time:
     D:2: 1469 daAuts
     D:6: 1287 daAuts
     D:1: 1065 daAuts
     D:7: 1061 daAuts
     D:5: 898 daAuts
     D:3: 896 daAuts
     D:4: 818 daAuts
   Sewer: 417 daAuts
